 Dungeon Crawl Stone Soup version bcrawl-1.40.3b (webtiles) character file.

Game seed: 14968332516932525526

473178 tauben the Bludgeoner (level 16, -1/155 HPs)
             Began as a Sand Dwarf Archaeologist on Mar 16, 2024.
             Was an Initiate of Gozag.
             Slain by a dream sheep (4 damage)
             ... led by a cyclops
             ... on level 1 of the Shoals.
             The game lasted 01:24:38 (25088 turns).

tauben the Bludgeoner (Sand Dwarf Archaeologist)   Turns: 25088, Time: 01:24:39

Health: -1/155     AC: 26    Str: 23    XL:     16   Next: 12%
Magic:  23/23      EV:  7    Int: 19    God:    Gozag
Gold:   2090       SH: 15    Dex:  9    Spells: 20/25 levels left

rFire    + . .     GDR:     30% P - +5 flail (protect)
rCold    + . .     SeeInvis .   I - +2 medium shield {reflect}
rNeg     + + .     Gourm    .   C - +7 plate armour of Fanaticism {rElec rC+ Str+4}
rPois    .         Faith    .   E - +1 hat {MR+}
rElec    +         Spirit   .   f - scarf {clouds}
rCorr    .         Reflect  +   H - +0 pair of gloves
MR       ++++.                  j - +1 pair of boots
Stlth    ..........             (no amulet)
HPRegen  0.35/turn              h - ring "Xioxaumm" {rF+ rN++ Str-3 Int+3 Slay+5}
MPRegen  0.18/turn              x - ring of protection from magic

@: about to teleport, slow
A: small, slowness 1, armour attunement
a: Potion Petition, Call Merchant, Bribe Branch, Renounce Religion, Evoke Fog


You were on level 1 of the Shoals.
You worshipped Gozag.
Gozag was most pleased with you.
You were not hungry.

You visited 5 branches of the dungeon, and saw 18 of its levels.
You also visited: Ice Cave.

You collected 8528 gold pieces.
You spent 4964 gold pieces at shops.
You paid 1474 gold pieces to Gozag.

Inventory:

Hand Weapons
 q - a +1 whip of pain
 P - a +5 flail of protection (weapon)
Missiles
 l - 1765 arrows
 y - 297 poisoned tomahawks (quivered)
Armour
 f - a scarf of clouds (worn)
 j - a +1 pair of boots (worn)
 k - the +0 iron dragon scales "Onyg" {+Blink +Fly rC- rN++}
   (You bought it in a shop on level 9 of the Dungeon)

   It makes you vulnerable to cold.
   It greatly protects you from negative energy.
   It lets you fly.
   It lets you blink.
 C - the +7 plate armour of Fanaticism (worn) {rElec rC+ Str+4}
   (You bought it in a shop on level 5 of the Dungeon)

   It affects your strength (+4).
   It protects you from cold.
   It insulates you from electricity.
 E - a +1 hat of magic resistance (worn)
 H - a +0 pair of gloves (worn)
 I - a +2 medium shield of reflection (worn)
Jewellery
 b - an uncursed ring of wizardry
 h - the ring "Xioxaumm" (left hand) {rF+ rN++ Str-3 Int+3 Slay+5}
   (You acquired it on level 3 of the Dungeon)

   [ring of slaying]

   It affects your strength (-3).
   It affects your intelligence (+3).
   It affects your accuracy and damage with ranged weapons and melee attacks
   (+5).
   It protects you from fire.
   It greatly protects you from negative energy.
 r - an uncursed ring of ice
 x - a ring of protection from magic (right hand)
 L - an uncursed ring of flight
 T - the ring "Hobah" {AC+4 Dex+2}
   (You found it on level 6 of the Lair of Beasts)

   [ring of protection]

   It affects your AC (+4).
   It affects your dexterity (+2).
Wands
 d - a wand of iceblast (3)
 s - a wand of charming (16)
 u - a wand of flame (57)
 G - a wand of polymorph (17)
 N - a wand of random effects (6)
 R - a wand of paralysis (4)
 S - a wand of disintegration (11)
 V - a wand of digging (12)
 W - a wand of acid (5)
Scrolls
 a - 2 scrolls of amnesia
 g - 5 scrolls of revelation
 i - a scroll of identify
 m - a scroll of noise
 n - a scroll of immolation {unknown}
 o - a scroll of vulnerability {unknown}
 p - 3 scrolls of blinking
 v - 4 scrolls of teleportation
 w - a scroll of fear
 B - 6 scrolls of remove curse
 D - a scroll of silence {unknown}
 K - 2 scrolls of enchant weapon {unknown}
 M - a scroll of summoning
Potions
 c - 2 potions of magic
 t - 2 potions of agility
 z - 3 potions of mutation
 A - a potion of ambrosia
 J - 2 potions of flight
 Q - a potion of curing
 U - a potion of lignification
Miscellaneous
 F - a lamp of fire (inert)
 X - a lightning rod (4/4)
 Y - a sack of spiders
Comestibles
 e - 4 rations {!d}


   Skills:
 - Level 17.0 Fighting
 - Level 18.0 Maces & Flails
 + Level 10.5 Armour
 - Level 4.0 Dodging
 - Level 2.4 Stealth
 - Level 12.0 Shields
 - Level 5.0 Spellcasting
 - Level 3.0 Conjurations
 - Level 3.0 Summonings
 - Level 3.0 Air Magic
 - Level 6.0 Poison Magic
 - Level 10.0 Evocations


You had 20 spell levels left.
You knew the following spells:

 Your Spells              Type           Power        Failure   Level  Hunger
a - Call Imp              Summ           ###...       43%         2    None
b - Mephitic Cloud        Conj/Pois/Air  ###.....     52%         3    ###....

Your spell library contained the following spells:

 Spells                   Type           Power        Failure   Level  Hunger
 Magic Dart               Conj           ###.         30%         1    None
 Static Discharge         Air            ###...       30%         1    None
 Shock                    Conj/Air       ###....      43%         2    None
 Swiftness                Chrm/Air       ##......     65%         2    None
 Spider Form              Tmut/Pois      ###          67%         3    ###....
 Beastly Appendage        Tmut           #.....       71%         1    None
 Slow                     Hex            #.......     71%         1    None
 Blink                    Tloc           N/A          85%         2    None
 Ensorcelled Hibernation  Hex/Ice        #.....       85%         2    None
 Passwall                 Tmut/Erth      #.......     85%         2    None
 Sticks to Snakes         Tmut           #.......     85%         2    None
 Conjure Flame            Conj/Fire      ##......     86%         3    ###....
 Dazzling Orbs            Conj/Hex       ##.....      86%         3    ###....
 Confuse                  Hex            #.......     97%         3    ###....
 Tukima's Dance           Hex            #.......     97%         3    ###....
 Lightning Bolt           Conj/Air       ###.....     97%         4    #####..
 Cause Fear               Hex            #.........   100%        4    #####..
 Ice Form                 Ice/Tmut       #.......     100%        4    #####..
 Blade Hands              Tmut           #.........   100%        5    ######.
 Freezing Cloud           Ice/Air        ##......     100%        5    ######.
 Metabolic Englaciation   Hex/Ice        #.........   100%        5    ######.
 Bolt of Cold             Conj/Ice       ##........   100%        6    #######
 Ozocubu's Refrigeration  Ice            #.........   100%        6    #######
 Simulacrum               Ice/Necr       #.......     100%        6    #######


Dungeon Overview and Level Annotations

Branches:
Dungeon (9/12)             Temple (1/1) D:4            Lair (6/6) D:9
 Shoals (1/3) Lair:4       Spider (0/3) Lair:3        Slime (0/5) Orc
    Orc (1/1) D:8             Elf (0/3) Lair:5

Altars:
Ashenzari
Cheibriados
Dithmenos
Elyvilon
Fedhas
Gozag
Hepliaklqana
Kikubaaqudgha
Lugonu
Makhleb
Nemelex Xobeh
Okawaru
Qazlal
Ru
Sif Muna
Trog
Uskayaw
Vehumet
Wu Jian
Xom
Yredelemnul
Zin
The Shining One
Jiyva

Shops:
D:5 [   D:9 [   Orc (}[=

Annotations:
D:4 2 transporters
D:8 exclusion: ice statue
Lair:1 exclusion: 3 oklob plants
Lair:5 exclusion: ice statue Orc 1 runed translucent door, Sp3rw3r's ghost, journeyman SDFi


Innate Abilities, Weirdness & Mutations

You are small and have problems with some larger weapons.
You cover ground slowly.
Armour does not affect your spellcasting.


Message History

Found six items.
Found an escape hatch in the floor.
As you read the scroll of teleportation, it crumbles to dust.
You feel strangely unstable.
The dream sheep shake their wool and sparkle.
You feel drowsy...
You fall asleep.
A dream sheep comes into view.
Your surroundings seem slightly different.
The dream sheep bites you but does no damage.
The dream sheep barely misses you. The dream sheep bites you!!
You wake up.
* * * LOW HITPOINT WARNING * * *
The dream sheep bites you but does no damage.
You block the dream sheep's attack.
As you read the scroll of teleportation, it crumbles to dust.
You feel strangely unstable. The dream sheep bites you!
* * * LOW HITPOINT WARNING * * *
The dream sheep bites you but does no damage.
The dream sheep bites you.
You die...
Your body crumbles into a pile of gold.

# $ .######≈≈≈≈≈...
..# ≈...≈≈≈.≈≈≈....
.≈≈....
....≈≈≈≈......≈
≈≈≈≈...
...........≈≈≈≈
≈≈≈≈≈..>
............≈≈.
≈≈≈≈≈... #....≈.....
≈..... #...Y...#
≈.....###...Y@.$#
≈..≈....(...Y....#
≈..........m....##
≈.....(....../..#
≈................
(.≈...............
..≈...≈......≈≈≈≈..
..≈..........≈≈≈≈≈≈.
#..≈.).#.###..≈


You could see a merfolk and 3 dream sheep.

Vanquished Creatures
  A frost giant (IceCv)
  A fire dragon (Lair:6)
  Urug (Lair:4)
  Josephine (Lair:6)
  A merfolk impaler (Shoals:1)
  Harold (Orc)
  Erolcha (D:9)
  An ice dragon (Lair:5)
  6 hydras
  3 ghost crabs (Shoals:1)
  Psyche (D:9)
  14 two-headed ogres
  4 ogre magi
  8 death yaks
  An orc high priest (Orc)
  A cyclops (Shoals:1)
  A swamp dragon (Lair:6)
  9 harpies (Shoals:1)
  A spectral merfolk (Shoals:1)
  A manticore (Shoals:1)
  2 deep elf magi (D:9)
  10 black mambas
  A merfolk siren (Shoals:1)
  An ice statue (IceCv)
  14 cane toads
  2 eyes of draining
  2 rime drakes
  12 komodo dragons
  A spectral water nymph (Shoals:1)
  A spectral harpy (Shoals:1)
  4 merfolk (Shoals:1)
  A troll (D:8)
  29 polar bears
  12 blink frogs
  26 dream sheep
  2 raiju (Lair:6)
  A snapping turtle (Shoals:1)
  11 hippogriffs
  A spriggan (Lair:1)
  5 wraiths
  55 yaks
  3 wyverns
  A water elemental (Shoals:1)
  Menkaure (D:4)
  3 basilisks
  6 wargs (Lair:6)
  Edmund (D:5)
  Duvessa (D:5)
  8 crocodiles
  5 water moccasins
  12 porcupines
  13 hell hounds (Lair:6)
  8 orc warriors
  3 sky beasts
  7 swamp drakes
  16 ice beasts
  11 black bears (Lair:6)
  30 ogres
  A phantom (D:9)
  38 wolves
  5 kobold brigands
  9 bullfrogs
  Dowan (D:5)
  7 centaurs
  2 scorpions
  4 killer bees (D:9)
  12 wights
  A howler monkey (D:9)
  An electric eel (Lair:5)
  4 crimson imps
  8 orc priests
  6 hounds
  A quasit (D:6)
  2 bullfrog skeletons (D:7)
  An iron imp (D:9)
  6 jellies
  23 orc wizards
  4 iguanas
  9 worker ants
  A hell rat (D:9)
  2 hound zombies (D:6)
  A hound skeleton (D:6)
  10 adders
  A howler monkey skeleton (D:6)
  2 river rats (D:9)
  4 shadow imps
  A white imp (D:8)
  2 oozes (Orc)
  An adder zombie (D:5)
  2 adder skeletons
  3 worms
  A dart slug (D:1)
  6 leopard geckos
  45 orcs
  5 bats
  A giant cockroach (D:3)
  3 goblins
  6 hobgoblins
  19 jackals
  16 kobolds
  8 quokkas
  A ball python (D:2)
  2 frilled lizards
  7 rats
675 creatures vanquished.

Vanquished Creatures (others)
  A cyclops (Shoals:1)
  3 polar bears (IceCv)
  A merfolk (Shoals:1)
  3 orc warriors (Orc)
  2 wolves (IceCv)
  2 orc priests (Orc)
  3 orc wizards (Orc)
  6 orcs
  16 fungi
  44 plants
  9 tentacles (Shoals:1)
  A withered plant (Shoals:1)
91 creatures vanquished.

Grand Total: 766 creatures vanquished

Notes
Turn   | Place    | Note
-------+----------+-------------------------------------------
     0 | D:1      | tauben the Sand Dwarf Archaeologist began the quest for the
                  | Orb.
     0 | D:1      | Reached XP level 1. HP: 16/16 MP: 1/1
    74 | D:1      | Reached skill level 2 in Maces & Flails
   210 | D:1      | Reached XP level 2. HP: 24/24 MP: 2/2
   532 | D:1      | Reached skill level 3 in Maces & Flails
   817 | D:2      | Reached XP level 3. HP: 19/29 MP: 3/3
   874 | D:2      | Reached skill level 4 in Maces & Flails
   890 | D:2      | Found a bloodstained altar of Trog.
  1437 | D:2      | Reached XP level 4. HP: 32/38 MP: 4/4
  1880 | D:3      | Reached XP level 5. HP: 42/46 MP: 5/5
  1880 | D:3      | Identified a scroll of acquirement
  1881 | D:3      | Identified the +8 morningstar of Evolution {freeze, rPois
                  | rF+ MR-} (You acquired it on level 3 of the Dungeon)
  1881 | D:3      | Identified the ring "Xioxaumm" {rF+ rN++ Str-3 Int+3
                  | Slay+5} (You acquired it on level 3 of the Dungeon)
  2699 | D:4      | Found a transporter.
  2815 | D:4      | Noticed a sky beast
  2825 | D:4      | Killed a sky beast
  2826 | D:4      | Reached XP level 6. HP: 45/52 MP: 6/6
  2922 | D:4      | Reached skill level 1 in Evocations
  3079 | D:4      | Noticed Menkaure
  3090 | D:4      | Killed Menkaure
  3091 | D:4      | Reached XP level 7. HP: 52/59 MP: 7/10
  3244 | D:4      | Found a transporter.
  3306 | D:4      | Noticed a hippogriff
  3316 | D:4      | Killed a hippogriff
  3317 | D:4      | Reached skill level 6 in Maces & Flails
  3420 | D:4      | Found a staircase to the Ecumenical Temple.
  3429 | Temple   | Entered the Ecumenical Temple
  3723 | Temple   | Became a worshipper of Gozag Ym Sagoz the Greedy
  3810 | D:5      | Entered Level 5 of the Dungeon
  3829 | D:4      | Reached skill level 5 in Fighting
  3836 | D:4      | Reached XP level 8. HP: 49/68 MP: 11/11
  3875 | D:5      | Reached skill level 7 in Maces & Flails
  3911 | D:5      | Noticed an eye of draining
  4081 | D:5      | Reached skill level 8 in Maces & Flails
  4178 | D:5      | Found Gobemis's Antique Armour Emporium.
  4269 | D:5      | Noticed Duvessa
  4379 | D:5      | Noticed Edmund
  4405 | D:5      | Killed Edmund
  4422 | D:5      | Reached skill level 9 in Maces & Flails
  4482 | D:5      | Found a sacrificial altar of Ru.
  4541 | D:5      | Noticed Dowan
  4551 | D:5      | Killed Duvessa
  4567 | D:5      | Killed Dowan
  4658 | D:5      | Killed an eye of draining
  4659 | D:5      | Reached skill level 10 in Maces & Flails
  4659 | D:5      | Reached XP level 9. HP: 72/80 MP: 0/12
  4925 | D:6      | Found a shadowy altar of Dithmenos.
  5994 | D:6      | Reached skill level 11 in Maces & Flails
  6243 | D:5      | Bought a jewelled plate armour for 672 gold pieces
  6311 | D:7      | Reached skill level 12 in Maces & Flails
  6721 | D:7      | Reached skill level 10 in Fighting
  6733 | D:7      | Reached XP level 10. HP: 78/93 MP: 13/13
  7117 | D:7      | Identified the +7 plate armour of Fanaticism {rElec rC+
                  | Str+4} (You bought it in a shop on level 5 of the Dungeon)
  7183 | D:8      | Reached skill level 13 in Maces & Flails
  7308 | D:8      | Found a staircase to the Orcish Mines.
  8015 | D:8      | Reached skill level 14 in Maces & Flails
  8445 | D:8      | Noticed an ice statue
  8502 | D:9      | Found Diat's Antique Armour Shop.
  8514 | D:9      | Noticed a death yak
  8514 | D:9      | Noticed a death yak
  8516 | D:9      | Noticed a death yak
  8540 | D:8      | Killed a death yak
  8541 | D:8      | Reached skill level 15 in Maces & Flails
  8541 | D:8      | Reached skill level 5 in Armour
  8683 | D:9      | Noticed Erolcha
  8711 | D:9      | Found a staircase to the Lair.
  8818 | D:9      | Noticed a deep elf mage
  8821 | D:9      | Noticed a deep elf mage
  8843 | D:9      | Noticed Psyche
  8867 | D:8      | Killed a death yak
  8868 | D:8      | Reached XP level 11. HP: 38/102 MP: 14/14
  9163 | D:9      | Killed a deep elf mage
  9169 | D:9      | Killed a deep elf mage
  9355 | D:8      | Killed a death yak
  9432 | D:9      | Killed Erolcha
  9433 | D:9      | Reached skill level 10 in Armour
  9438 | D:9      | Killed Psyche
  9711 | D:9      | Learned a level 2 spell: Call Imp
  9715 | D:9      | Learned a level 3 spell: Mephitic Cloud
 10035 | D:9      | Reached skill level 1 in Summonings
 10315 | D:9      | Noticed a three-headed hydra
 10336 | D:9      | Killed a three-headed hydra
 10337 | D:9      | Reached skill level 1 in Air Magic
 10337 | D:9      | Reached skill level 1 in Poison Magic
 10464 | D:9      | Found a radiant altar of Vehumet.
 10500 | D:9      | Reached XP level 12. HP: 110/110 MP: 18/18
 10624 | D:9      | Bought a runed medium shield for 210 gold pieces
 10645 | Lair:1   | Entered Level 1 of the Lair of Beasts
 10721 | Lair:1   | Reached skill level 1 in Shields
 11926 | Lair:1   | Reached skill level 5 in Poison Magic
 12315 | Lair:2   | Reached skill level 5 in Shields
 12467 | Lair:2   | HP: 3/110 [cane toad (16)]
 13341 | Lair:3   | Found a hide-covered altar of Uskayaw.
 13765 | Lair:3   | Noticed a six-headed hydra
 13820 | Lair:3   | Killed a six-headed hydra
 13821 | Lair:3   | Reached XP level 13. HP: 36/116 MP: 19/19
 14009 | Lair:3   | Found a hole to the Spider Nest.
 14453 | Lair:4   | Noticed Urug
 14465 | Lair:4   | Killed Urug
 14466 | Lair:4   | Reached skill level 1 in Spellcasting
 14466 | Lair:4   | Reached skill level 1 in Conjurations
 15453 | Lair:4   | Found a staircase to the Shoals.
 15563 | Lair:4   | Reached skill level 16 in Maces & Flails
 15933 | Lair:5   | Found a frozen archway.
 16000 | IceCv    | Entered an ice cave
 16272 | IceCv    | Reached skill level 5 in Spellcasting
 16804 | IceCv    | Reached skill level 17 in Maces & Flails
 16992 | IceCv    | Noticed a frost giant
 17070 | IceCv    | Killed a frost giant
 17071 | IceCv    | Reached skill level 18 in Maces & Flails
 17071 | IceCv    | Reached XP level 14. HP: 60/124 MP: 21/21
 17936 | Lair:5   | Found a staircase to the Elven Halls.
 18471 | D:9      | Bought encrusted iron dragon scales for 2380 gold pieces
 18481 | D:9      | Identified the +0 iron dragon scales "Onyg" {+Blink +Fly
                  | rC- rN++} (You bought it in a shop on level 9 of the
                  | Dungeon)
 18495 | D:9      | Bought a shiny helmet for 210 gold pieces
 19179 | Lair:6   | Entered Level 6 of the Lair of Beasts
 19199 | Lair:6   | Noticed Josephine
 19210 | Lair:6   | Killed Josephine
 19910 | Lair:6   | Reached skill level 15 in Fighting
 20554 | Lair:6   | Got an ancient marble ring
 20684 | Lair:6   | Reached XP level 15. HP: 139/144 MP: 22/22
 21624 | Lair:6   | Identified the ring "Hobah" {AC+4 Dex+2} (You found it on
                  | level 6 of the Lair of Beasts)
 21879 | Orc      | Entered the Orcish Mines
 22464 | D:8      | Reached skill level 10 in Shields
 22814 | Orc      | Found a viscous altar of Jiyva.
 22814 | Orc      | Found a staircase to the Slime Pits.
 22814 | Orc      | Found a viscous altar of Jiyva.
 22814 | Orc      | Noticed Harold
 22819 | Orc      | Found Put Mau's Jewellery Boutique.
 22819 | Orc      | Found Qucukh's Gadget Shoppe.
 22824 | Orc      | Found Sappaczu's Antique Armour Shoppe.
 22824 | Orc      | Found Rusod's Antique Weapon Shop.
 23018 | Orc      | Killed Harold
 23664 | Orc      | Found a runed translucent door.
 23664 | Orc      | Noticed Sp3rw3r's ghost (journeyman SDFi)
 23951 | Orc      | Bought a lamp of fire for 600 gold pieces
 23951 | Orc      | Bought a wand of disintegration (11) for 112 gold pieces
 23951 | Orc      | Bought a wand of acid (5) for 180 gold pieces
 23951 | Orc      | Bought a lightning rod (4/4) for 600 gold pieces
 24289 | Shoals:1 | Entered Level 1 of the Shoals
 24886 | Shoals:1 | Reached XP level 16. HP: 126/155 MP: 23/23
 24992 | Shoals:1 | Reached skill level 10 in Evocations
 25088 | Shoals:1 | HP: 3/155 [dream sheep[a cyclops] (9)]
 25088 | Shoals:1 | Slain by a dream sheep

Skill      XL: |  1  2  3  4  5  6  7  8  9 10 11 12 13 14 15 16 |
---------------+-------------------------------------------------+-----
Maces & Flails | 2 3 4 6 10 12 15 18 | 18.0
Fighting       | 2 3 4 5 7 10 11 16 17 | 17.0
Armour         | 2 4 7 10 | 10.5
Dodging        | 3 4 |  4.0
Evocations     | 4 8 9 10 | 10.0
Summonings     | 3 |  3.0
Air Magic      | 1 3 |  3.0
Poison Magic   | 2 6 |  6.0
Shields        | 8 12 | 12.0
Spellcasting   | 5 |  5.0
Conjurations   | 3 |  3.0
Stealth        | |  2.4

Action                   |  1- 3 |  4- 6 |  7- 9 | 10-12 | 13-15 | 16-18 || total
-------------------------+-------+-------+-------+-------+-------+-------++-------
Melee: Whip              |   162 |   200 |   399 |   986 |   828 |       ||  2575
       Flail             |       |       |       |       |   972 |    50 ||  1022
Throw: Tomahawk          |       |       |       |    90 |    84 |    27 ||   201
Invok: Potion Petition   |       |       |       |     2 |     3 |     1 ||     6
Evoke: Wand              |       |       |       |    19 |     5 |       ||    24
       Lamp of fire      |       |       |       |       |     1 |       ||     1
  Use: Scroll            |     4 |     5 |     3 |     7 |     6 |     3 ||    28
       Potion            |     1 |     2 |     1 |     7 |     7 |     3 ||    21
 Stab: Sleeping          |     1 |     1 |     1 |       |       |       ||     3
       Invisible         |       |       |       |     2 |     1 |       ||     3
       Confused          |       |       |       |     2 |       |       ||     2
       Distracted        |       |       |       |     2 |    12 |     1 ||    15
  Eat: Chunk             |     6 |     7 |     2 |       |       |       ||    15
       Ration            |       |     1 |     5 |    11 |    19 |     1 ||    37
Armor: Robe              |     2 |       |       |       |       |       ||     2
       Ring mail         |    62 |    61 |   105 |     1 |       |       ||   229
       Skin              |       |       |    15 |     9 |       |       ||    24
       Plate armour      |       |       |       |   336 |   982 |   110 ||  1428
Dodge: Dodged            |   171 |   126 |   193 |   200 |   304 |    45 ||  1039
Block: Medium shield     |       |       |       |   146 |  1135 |   124 ||  1405
       Reflection        |       |       |       |       |    17 |     5 ||    22
